 Dungeon Crawl Stone Soup version 0.30-a0-241-g1121274140 (webtiles) character file.

Game seed: 15602165789078781983

531 KennySheep the Changer (level 6, 0/48 HPs)
             Began as a Demigod Transmuter on Oct 10, 2022.
             Succumbed to a water moccasin's poison
             ... on level 5 of the Dungeon.
             The game lasted 00:14:07 (4572 turns).

KennySheep the Changer (Demigod Transmuter)         Turns: 4572, Time: 00:14:08

Health: 0/48       AC:  6    Str: 14 (15) XL:     6   Next: 73%
Magic:  11/11      EV: 12    Int: 18 (19) God:
Gold:   286        SH:  0    Dex: 11 (14) Spells: 2/8 levels left

rFire   . . .      SeeInvis .      - Unarmed
rCold   . . .      Faith    .    (no shield)
rNeg    . . .      Spirit   .    a - +0 robe
rPois   .          Reflect  .    (helmet currently unavailable)
rElec   .          Harm     .    h - +1 cloak
rCorr   .          Rampage  .    g - +1 pair of gloves
Will    .....                    (boots currently unavailable)
Stlth   +.........               (no amulet)
HPRegen 0.28/turn                (no ring)
MPRegen 0.12/turn                (no ring)

@: lethally poisoned (0 -> -6), appendages (expiring), attractive, flying,
hasted, very quick
A: horns 2, talons 2, high MP 1, forlorn, divine attributes
a: End Transformation


You were on level 5 of the Dungeon.
You had temporarily grown beastly horns and talons.
You visited 1 branch of the dungeon, and saw 5 of its levels.

You collected 286 gold pieces.

Inventory:

Armour
 a - a +0 robe (worn)
 g - a +1 pair of gloves (worn)
 h - a +1 cloak (worn)
 p - a +0 pair of boots (melded)
Wands
 t - a wand of roots (5)
Scrolls
 b - a scroll of acquirement {unknown}
 d - a scroll of poison
 e - 3 scrolls of identify {unknown}
 i - a scroll of fear {unknown}
 j - 4 scrolls of noise
 l - 2 scrolls of teleportation {unknown}
 o - a scroll of immolation {unknown}
 q - a scroll of magic mapping {unknown}
 u - a scroll of blinking {unknown}
Potions
 c - a potion of brilliance


   Skills:
 + Level 2.1 Fighting
 + Level 2.7 Dodging
 + Level 3.4 Unarmed Combat
 - Level 1.7 Spellcasting
 * Level 4.8 Transmutations
 - Level 0.6 Ice Magic
 - Level 3.0 Poison Magic


You had 2 spell levels left.
You knew the following spells:

 Your Spells              Type           Power      Damage    Failure   Level
a - Beastly Appendage     Tmut           36%        N/A       2%          1
b - Wereblood             Tmut           18%        N/A       3%          2
c - Spider Form           Tmut/Pois      15%        N/A       11%         3

Your spell library contained the following spells:

 Spells                   Type           Power      Damage    Failure   Level
 Slow                     Hex            4%         N/A       19%         1
 Ensorcelled Hibernation  Hex/Ice        4%         N/A       24%         2
 Confusing Touch          Hex            1%         N/A       50%         3
 Gell's Gravitas          Tloc           1%         N/A       50%         3
 Lesser Beckoning         Tloc           2%         N/A       50%         3
 Portal Projectile        Hex/Tloc       2%         N/A       50%         3
 Teleport Other           Tloc           1%         N/A       50%         3
 Tukima's Dance           Hex            1%         N/A       50%         3
 Vampiric Draining        Necr           1%         2d6       50%         3
 Ice Form                 Ice/Tmut       11%        N/A       52%         4
 Blade Hands              Tmut           9%         N/A       56%         5
 Anguish                  Hex/Necr       0%         N/A       88%         4


Dungeon Overview and Level Annotations

Branches:
Dungeon (5/15)             Temple (0/1) D:4


Innate Abilities, Weirdness & Mutations

You have temporarily grown beastly horns and talons.
You have an increased reservoir of magic. (+10% MP)
You shall have no god before yourself.
Your divine heritage dramatically boosts your attributes as you level up.


Message History

You hit the water moccasin. Your kick misses the water moccasin.
The water moccasin is almost dead.
You feel sick. The water moccasin bites you.
* * * LOW HITPOINT WARNING * * *
You are lethally poisoned!
The water moccasin poisons you!
A quokka comes into view.
You hit the water moccasin.
Your headbutt misses the water moccasin.
The water moccasin is almost dead.
* * * LOW HITPOINT WARNING * * *
You feel very sick.
The water moccasin bites you but does no damage.
You barely miss the water moccasin. Your kick misses the water moccasin.
The water moccasin is almost dead.
* * * LOW HITPOINT WARNING * * *
You feel sick. The water moccasin bites you.
* * * LOW HITPOINT WARNING * * *
It was a potion of flight.
You feel very buoyant.
You fly up into the air.
* * * LOW HITPOINT WARNING * * *
You feel sick.
The water moccasin bites you but does no damage.
It was a potion of degeneration.
There was something very wrong with that liquid.
You feel weakened.
You feel dopey.
You feel clumsy.
* * * LOW HITPOINT WARNING * * *
You feel sick. The water moccasin closely misses you.
The iguana hisses menacingly.
* * * LOW HITPOINT WARNING * * *
You feel sick. The iguana is attracted toward you.
You barely miss the water moccasin.
The water moccasin is almost dead.
* * * LOW HITPOINT WARNING * * *
You feel sick. The water moccasin barely misses you.
The quokka is attracted toward you.
You barely miss the water moccasin.
The water moccasin is almost dead.
You die...

.. .###....
...$#.# ...#..
#...# #
#..#####.#.#
#.##......# ..
##..#@#
##..##...lS#
........##r#
####.##†#.§####
..............#
#######.#.###.#
#.#.# # #....
###.##


You could see a water moccasin, an iguana and a quokka.

Vanquished Creatures
  Blork the orc (D:4)
  A howler monkey (D:5)
  2 jellies
  A hound (D:4)
  Jessica (D:2)
  An iguana (D:4)
  Natasha (thrice) (D:2)
  6 adders
  7 gnolls
  A worm (D:2)
  3 dart slugs
  2 ball pythons
  8 bats
  10 endoplasms
  4 giant cockroaches
  9 goblins
  4 hobgoblins
  8 kobolds
  5 quokkas
  4 frilled lizards
  10 rats
91 creatures vanquished.

Notes
Turn   | Place    | Note
-------+----------+-------------------------------------------
     0 | D:1      | KennySheep the Demigod Transmuter began the quest for the
                  | Orb.
     0 | D:1      | Reached XP level 1. HP: 15/15 MP: 5/5
   139 | D:1      | Reached skill level 2 in Transmutations
   193 | D:1      | Reached skill level 1 in Poison Magic
   193 | D:1      | Reached XP level 2. HP: 4/22 MP: 5/7
   675 | D:1      | Learned a level 2 spell: Wereblood
   746 | D:1      | Reached XP level 3. HP: 20/27 MP: 8/8
  1257 | D:2      | Noticed Jessica
  1282 | D:2      | Killed Jessica
  1283 | D:2      | Reached skill level 3 in Transmutations
  1404 | D:2      | Noticed Natasha
  1412 | D:2      | Killed Natasha
  1413 | D:2      | Reached XP level 4. HP: 13/34 MP: 7/9
  1626 | D:2      | Learned a level 3 spell: Spider Form
  1831 | D:2      | Noticed Natasha
  1866 | D:2      | Killed Natasha
  2229 | D:2      | Noticed Natasha
  2237 | D:2      | Killed Natasha
  2238 | D:2      | Reached skill level 1 in Fighting
  2238 | D:2      | Reached XP level 5. HP: 40/40 MP: 3/10
  3236 | D:4      | Reached skill level 4 in Transmutations
  3408 | D:4      | Noticed Blork the orc
  3420 | D:4      | Killed Blork the orc
  3421 | D:4      | Reached XP level 6. HP: 9/46 MP: 7/11
  4128 | D:4      | Found a staircase to the Ecumenical Temple.
  4527 | D:5      | Entered Level 5 of the Dungeon
  4542 | D:5      | Noticed a water moccasin
  4570 | D:5      | HP: 2/48 [poisoned by a water moccasin]
  4572 | D:5      | Succumbed to a water moccasin's poison

Illustrated notes

Levels and vault maps discovered:
D:1:      dpeg_arrival_snail, layout_basic, basic_ecumenical_altar,
          minmay_rat_gold_closets
D:2:      layout_basic, minmay_fountain_box, uniq_natasha, uniq_jessica
D:3:      layout_rooms, minmay_misc_feat_plants
D:4:      layout_loops_corners, lemuel_doored_altar,
          minmay_temple_entry_offerings, uniq_blork_the_orc
D:5:      layout_loops_ring, chequers_decorated_corner, palyth_stone_intersect,
          grunt_ministairs_12, uniq_pikel, uniq_sigmund

Skill      XL: |  1  2  3  4  5  6 |
---------------+-------------------+-----
Transmutations | 2 3 4 |  4.8
Poison Magic   | 1 2 3 |  3.0
Fighting       | 1 2 |  2.1
Dodging        | 2 |  2.7
Unarmed Combat | 3 |  3.4
Spellcasting   | |  1.7
Ice Magic      | |  0.6

Action                   |  1- 3 |  4- 6 || total
-------------------------+-------+-------++-------
Melee: Unarmed           |   102 |   235 ||   337
       Punch             |     6 |     4 ||    10
       Kick              |     8 |     8 ||    16
       Headbutt          |     5 |     6 ||    11
 Cast: Beastly Appendage |     5 |     3 ||     8
       Wereblood         |     1 |       ||     1
       Spider Form       |       |    13 ||    13
  Use: Potion            |     1 |     8 ||     9
       Scroll            |       |     2 ||     2
 Stab: Sleeping          |     2 |     4 ||     6
Armor: Robe              |    33 |    38 ||    71
       Skin              |     2 |     3 ||     5
Dodge: Dodged            |    52 |   144 ||   196

Table legend: (Time is in decaauts)
 A = Elapsed time spent in this place.
 B = Non-inter-level travel time spent in this place.
 C = Inter-level travel time spent in this place.
 D = Time resting spent in this place.
 E = Time spent auto-exploring this place.
 F = Levels seen in this place.
 G = Mean time per level.
                   A        B        C        D        E       F      G
               +--------+--------+--------+--------+--------+-----+--------+
         Total |   4565 |   4444 |    121 |    719 |   2960 |   5 |  913.0 |
       Dungeon |   4565 |   4444 |    121 |    719 |   2960 |   5 |  913.0 |
               +--------+--------+--------+--------+--------+-----+--------+

Top non-repeatable levels by time:
     D:4: 1468 daAuts
     D:2: 1275 daAuts
     D:1: 1226 daAuts
     D:3: 557 daAuts
     D:5: 38 daAuts
